 Dungeon Crawl Stone Soup version 0.30.0-5-g1a98f26d00 (webtiles) character file.

Game seed: 11318422132133696392

115 ProzacElf the Chopper (level 5, 0/42 HPs)
             Began as a Hill Orc Reaver on May 8, 2023.
             Slain by a gnoll
             ... wielding a +0 halberd
              (11 damage)
             ... on level 3 of the Dungeon.
             The game lasted 00:09:22 (2196 turns).

ProzacElf the Chopper (Hill Orc Reaver)             Turns: 2196, Time: 00:09:23

Health: 0/42       AC:  7    Str: 17    XL:     5   Next: 0%
Magic:  8/8        EV: 10    Int: 13    God:
Gold:   148        SH:  0    Dex:  9    Spells: 2/8 levels left

rFire   . . .        a - +0 morningstar
rCold   . . .        (no shield)
rNeg    . . .        q - +0 ring mail
rPois   .            (no helmet)
rElec   .            (no cloak)
rCorr   .            (no gloves)
SInv    .            t - +1 pair of boots
Will    .....        (no amulet) Stlth
                     (no ring)
HPRegen 0.27/turn    (no ring)
MPRegen 0.11/turn

%: no passive effects
@: no status effects
A: no striking features
a: no special abilities


You were on level 3 of the Dungeon.
You visited 1 branch of the dungeon, and saw 3 of its levels.

You collected 178 gold pieces.
You spent 30 gold pieces at shops.

Inventory:

Hand Weapons
 a - a +0 morningstar (weapon)
 b - the +3 sling of Corruption {heavy, Str+5 Dex-4}
   (You found it on level 2 of the Dungeon)

   Str:       It affects your strength (+5).
   Dex:       It affects your dexterity (-4).
 d - a +2 dagger of protection
 n - a +0 hand axe
Armour
 j - a +0 leather armour
 m - a +0 plate armour
 q - a +0 ring mail (worn)
 t - a +1 pair of boots (worn)
Jewellery
 h - a ring of fire
Scrolls
 c - 3 scrolls of identify {unknown}
 f - a scroll of silence {unknown}
 g - a scroll of fear {unknown}
 l - a scroll of teleportation {unknown}
 p - a scroll of amnesia {unknown}
 r - a scroll of vulnerability {unknown}
Potions
 e - 4 potions of curing
 i - 2 potions of degeneration {unknown}
 k - a potion of might {unknown}
 o - a potion of flight {unknown}
 s - 2 potions of heal wounds {unknown}


   Skills:
 - Level 2.4 Fighting
 + Level 5.6 Axes
 - Level 1.5 Dodging
 - Level 2.0 Spellcasting
 - Level 3.0 Conjurations
 + Level 2.7 Necromancy


You had 2 spell levels left.
You knew the following spells:

 Your Spells              Type           Power      Damage    Failure   Level
a - Kiss of Death         Conj/Necr      32%        2d7       14%         1
b - Momentum Strike       Conj/Tloc      10%        3d8       36%         2
c - Hailstorm             Conj/Ice       5%         3d4       58%         3

Your spell library contained the following spells:

 Spells                   Type           Power      Damage    Failure   Level
 Gell's Gravitas          Tloc           1%         N/A       80%         3
 Teleport Other           Tloc           1%         N/A       80%         3
 Dispersal                Tloc           0%         N/A       100%        6


Dungeon Overview and Level Annotations

Branches:
Dungeon (3/15)

Altars:
Dithmenos

Shops:
D:1 !:[   D:2 ([:

Annotations:
D:2 1 runed translucent door, Crazy Yiuf


Message History

HP restored.
Health restored: 42 Thin's tha be 'ere: a +0 halberd; a gnoll corpse Thar be a stone staircase leadin' down 'ere.
Ye climb downwards.
Tha gnoll shouts!
Thar be a stone staircase leadin' up 'ere.
Tha gnoll hits ye from afar wit' a +0 spear.
Ye take 4 damage, an' haf 38/42 hp.
Tha gnoll hits ye wit' a +0 spear.
Ye take 3 damage, an' haf 35/42 hp.
Ye closely miss tha gnoll.
Tha gnoll hits ye but does nay damage.
Tha gnoll hits ye wit' a +0 spear.
Ye take 5 damage, an' haf 30/42 hp.
Ye closely miss tha gnoll.
Tha gnoll hits ye wit' a +0 spear.
Ye take 4 damage, an' haf 26/42 hp.
Ye puncture tha gnoll!
Tha gnoll be severely wounded.
Tha gnoll hits ye wit' a +0 spear.
Ye take 2 damage, an' haf 24/42 hp.
Ye hit tha gnoll.
Tha gnoll be almost dead.
Tha gnoll closely misses ye.
Tha gnoll hits ye wit' a +0 spear.
Tha gnoll barely misses ye. x2
Ye take 3 damage, an' haf 21/42 hp.
Ye be too injured ta fight recklessly!
Ye be too injured ta fight recklessly!
Ye closely miss tha gnoll.
Tha gnoll be almost dead.
Tha gnoll hits ye wit' a +0 spear.
Tha gnoll hits ye from afar wit' a +0 halberd!
Ye take 8 damage, an' haf 13/42 hp.
Tha gnoll barely misses ye.
Tha gnoll hits ye from afar wit' a +0 spear.
* * * LOW HITPOINT WARNIN'
* * * Ye take 3 damage, an' haf 10/42 hp.
Thar be a stone staircase leadin' up 'ere.
Tha gnoll hits ye from afar wit' a +0 halberd!
Ye die...

########
#.......#g.<........... #
##.....##.####..####### #
##...###)# #...####### #
##.## #.# #.......... #
#.####.###...####...
#...g........# #.##
#.g###.#####.# #.##
#...##.# #.# #.##
########..@.#.#####.####.##
#..........................
#.######......#####..######
##..##.# # #..# .#
#######)[##.#
............####
.######......... ##.#..####


You could see a gnoll.

Vanquished Creatures
  2 gnolls (D:2)
  4 adders
  2 worms (D:3)
  2 dart slugs
  5 ball pythons
  3 bats
  5 endoplasms
  4 giant cockroaches
  6 goblins
  4 hobgoblins
  5 kobolds
  A frilled lizard (D:1)
  6 rats
49 creatures vanquished.

Notes
Turn   | Place    | Note
-------+----------+-------------------------------------------
     0 | D:1      | ProzacElf the Hill Orc Reaver began the quest for the Orb.
     0 | D:1      | Reached XP level 1. HP: 18/18 MP: 3/3
   121 | D:1      | Reached XP level 2. HP: 21/22 MP: 4/4
   145 | D:1      | Found Fekhlol's Book Shop.
   153 | D:1      | Found Nan Vipn's Distillery.
   160 | D:1      | Bought a potion of curing for 30 gold pieces
   207 | D:1      | Reached skill level 1 in Necromancy
   316 | D:1      | Found Sasunash's Antique Armour Shop.
   717 | D:2      | Reached XP level 3. HP: 27/30 MP: 4/6
   736 | D:2      | Identified the +3 sling of Corruption {heavy, Str+5 Dex-4}
   930 | D:2      | Found Rexew's Armour Shop.
   981 | D:2      | Found Uqudyo's Weapon Emporium.
  1026 | D:2      | Found Haub's Book Emporium.
  1061 | D:2      | Reached skill level 5 in Axes
  1256 | D:2      | Reached XP level 4. HP: 37/37 MP: 7/7
  1268 | D:2      | Found a runed translucent door.
  1269 | D:2      | Noticed Crazy Yiuf
  1325 | D:2      | Found a shadowy altar of Dithmenos.
  1515 | D:2      | Learned a level 2 spell: Momentum Strike
  1519 | D:2      | Learned a level 3 spell: Hailstorm
  2102 | D:2      | Reached XP level 5. HP: 22/42 MP: 8/8
  2196 | D:3      | Slain by a gnoll

Illustrated notes

Levels and vault maps discovered:
D:1:      beargit_arrival_greenhouse, layout_basic, serial_shops, shop,
          nicolae_shop_scrapyard, shop
D:2:      minmay_general_purpose_star, layout_basic, basic_altar, serial_shops,
          shop, shop, shop, kennysheep_potato, uniq_crazy_yiuf_cottage
D:3:      layout_loops_ring, chequers_temple_overflow_statue_of_worship,
          minmay_gold_behind_fungi, kennysheep_minor_cross

Skill      XL: |  1  2  3 |
---------------+----------+-----
Necromancy     | 1 2 |  2.7
Spellcasting   | 2 |  2.0
Axes           | 5 |  5.6
Fighting       | |  2.4
Dodging        | |  1.5
Conjurations   | |  3.0

Action                     |  1- 3 |  4- 6 || total
---------------------------+-------+-------++-------
  Melee: Hand axe          |    86 |       ||    86
         Morningstar       |     1 |    69 ||    70
         Punch             |       |     4 ||     4
   Fire: Sling             |    10 |       ||    10
   Cast: Kiss of Death     |     1 |       ||     1
 Armour: Leather armour    |    27 |    12 ||    39
         Ring mail         |       |     8 ||     8
  Dodge: Dodged            |    59 |    48 ||   107

Action                     |  1- 3 |  4- 6 || total
---------------------------+-------+-------++-------
  Melee: Hand axe          |    86 |       ||    86
         Morningstar       |     1 |    69 ||    70
         Punch             |       |     4 ||     4
   Fire: Sling             |    10 |       ||    10
   Cast: Kiss of Death     |     1 |       ||     1
 Armour: Leather armour    |    27 |    12 ||    39
         Ring mail         |       |     8 ||     8
  Dodge: Dodged            |    59 |    48 ||   107

Levels and vault maps discovered:
D:1:      beargit_arrival_greenhouse, layout_basic, serial_shops, shop,
          nicolae_shop_scrapyard, shop
D:2:      minmay_general_purpose_star, layout_basic, basic_altar, serial_shops,
          shop, shop, shop, kennysheep_potato, uniq_crazy_yiuf_cottage
D:3:      layout_loops_ring, chequers_temple_overflow_statue_of_worship,
          minmay_gold_behind_fungi, kennysheep_minor_cross
